Map: Shrines of Lizul

Players

toiletnest

  • Race: Zerg Zerg
  • League: Platinum
  • Spawn Location: 3:00

GTKESSLER

  • Race: Terran Terran
  • Spawn Location: 12:00

OpuS - Winner!

  • Race: Protoss Protoss
  • Spawn Location: 9:00

Sketchaphone - Winner!

  • Race: Zerg Zerg
  • Spawn Location: 6:00

VOD

Have the link to the VOD?

Description

Time

  • Played on: Jan. 22, 2019, 2:18 p.m.
  • Length: 6:41
Show
View Real Time Build Order
Export as new Build Order

toiletnest Zerg 

Build Orders: Hatch First 

Get SALT Encoding   

  12  0:01  Drone  
  13  0:12  Overlord  
  13  0:18  Drone  
  14  0:32  Drone x2  
  16  0:36  Drone  
  17  0:59  Hatchery, Drone  
  17  1:04  Drone  
  17  1:08  Drone  
  19  1:19  Spawning Pool  
  19  1:22  Drone  
  19  1:38  Extractor  
  18  1:41  Drone x2  
  20  1:49  Extractor  
  20  2:03  Drone  
  20  2:06  Drone  
  22  2:10  Queen x2  
  22  2:11  Zergling x2  
  22  2:12  Zergling x2  
  28  2:25  Overlord  
  28  2:38  Hatchery  
  27  2:46  Zergling x6  
  29  3:03  Zergling x2  
  29  3:04  Zergling x6  
  31  3:12  Zergling x2  
  31  3:18  Drone x2  
  30  3:29  Drone x3  
  30  3:32  Overlord  
  33  3:37  Zergling x2  
  34  3:45  Evolution Chamber  
  28  3:54  Roach Warren  
  27  3:59  Drone  
  27  4:00  Drone x3  
  31  4:04  Drone x2, Extractor  
  31  4:05  Drone  
  31  4:06  Drone  
  31  4:07  Drone  
  31  4:09  Drone  
  36  4:14  Drone x2  
  38  4:23  Overlord  
  38  4:24  Overlord  
  38  4:30  Queen  
  40  4:34  Queen  
  42  4:40  Roach x2  
  45  4:49  Roach x3  
  45  4:50  Roach  
  51  4:57  Roach x2  
  53  5:06  Roach x3  
  44  5:20  Roach x2  
  44  5:21  Roach  
  44  5:25  Drone x2  
  40  5:31  Drone  
  35  5:39  Drone  
  35  5:40  Drone  
  37  5:47  Drone  
  38  6:01  Drone  
  31  6:13  Roach  
  31  6:14  Roach  
  25  6:26  Drone  
  25  6:27  Drone x3  
Show
View Real Time Build Order
Export as new Build Order

GTKESSLER Terran 

Build Orders:  

Get SALT Encoding   

  12  0:02  SCV  
  13  0:20  Supply Depot  
  13  0:24  Refinery, SCV  
  14  0:44  Barracks  
  14  0:45  SCV  
  15  0:56  Refinery  
  15  0:58  SCV  
  16  1:15  Supply Depot  
  16  1:31  Reaper  
  17  1:41  Orbital Command  
  17  1:53  Factory  
  17  2:03  Reaper  
  18  2:27  SCV  
  19  2:35  Reaper  
  20  3:04  Hellion  
  21  3:26  Hellion  
  23  3:35  Reaper  
  24  3:52  Factory Tech Lab  
  24  3:58  SCV  
  24  4:00  Starport  
  25  4:07  Marine  
  26  4:10  SCV  
  26  4:13  Siege Tank  
  26  4:15  Command Center  
  30  4:22  SCV  
  31  4:38  Supply Depot  
  31  4:40  Supply Depot  
  31  4:45  Engineering Bay  
  31  4:47  SCV  
  31  4:59  Marine  
  31  5:00  SCV  
  31  5:12  SCV  
  30  5:28  Starport Tech Lab  
  30  5:29  Siege Tank  
  33  5:37  Fusion Core  
  33  5:38  SCV x2  
  35  5:50  SCV x2  
  33  6:31  Starport  
Show
View Real Time Build Order
Export as new Build Order

OpuS Protoss - Winner!

Build Orders:  

Get SALT Encoding   

  12  0:00  Probe  
  13  0:13  Probe  
  14  0:20  Pylon  
  14  0:25  Probe  
  15  0:39  Gateway  
  15  0:41  Probe  
  16  0:53  Probe  
  16  0:56  Gateway  
  17  1:06  Probe, Assimilator  
  18  1:15  Pylon  
  18  1:18  Probe  
  19  1:26  Zealot  
  19  1:30  Probe  
  22  1:35  Cybernetics Core  
  22  1:43  Zealot  
  22  1:52  Zealot  
  24  1:56  Gateway  
  26  2:01  Warp Gate  
  26  2:09  Pylon  
  25  2:22  Stalker  
  25  2:25  Probe  
  28  2:34  Stalker  
  30  2:37  Probe  
  31  2:49  Probe  
  32  3:01  Probe  
  33  3:18  Gateway  
  27  3:23  Assimilator  
  27  3:26  Nexus  
  27  3:36  Stalker  
  27  3:38  Stalker  
  31  3:52  Stalker  
  33  4:06  Twilight Council  
  33  4:19  Stalker  
  33  4:21  Stalker  
  33  4:22  Pylon  
  37  4:35  Probe  
  38  4:43  Adept x2  
  38  4:44  Probe  
  43  4:47  Probe  
  44  4:58  Probe  
  44  4:59  Probe  
  46  5:16  Stalker x3  
  46  5:20  Stalker  
  54  5:41  Stalker x3  
  56  5:43  Probe x2  
  58  5:55  Probe  
  59  5:57  Probe  
  58  6:25  Probe x2  
Show
View Real Time Build Order
Export as new Build Order

Sketchaphone Zerg - Winner!

Build Orders: Pool First 

Get SALT Encoding   

  12  0:01  Drone  
  13  0:25  Spawning Pool  
  12  0:29  Drone  
  12  0:30  Extractor  
  12  0:34  Drone  
  13  0:44  Overlord  
  13  0:56  Drone  
  14  1:02  Drone  
  15  1:05  Drone  
  16  1:12  Drone  
  17  1:23  Zergling x2  
  17  1:24  Queen  
  20  1:32  Metabolic Boost  
  20  1:39  Zergling x2  
  20  1:44  Zergling x2  
  21  1:57  Overlord  
  21  2:14  Zergling x2  
  22  2:29  Hatchery  
  21  2:36  Baneling Nest, Drone  
  21  2:39  Zergling x2, Drone  
  22  2:55  Zergling x6  
  24  3:05  Zergling x6  
  24  3:11  Zergling x2  
  25  3:23  Baneling  
  25  3:24  Baneling x2  
  25  3:25  Zergling x2  
  26  3:36  Spine Crawler  
  21  3:57  Roach Warren  
  21  3:58  Drone x2  
  22  4:05  Overlord  
  22  4:08  Drone  
  23  4:10  Overlord  
  23  4:25  Zergling x8  
  23  4:30  Baneling x4  
  27  4:34  Zergling x4  
  23  5:18  Roach  
  23  5:19  Roach x8  
  38  5:35  Overlord  
  38  5:36  Roach  
  40  5:48  Drone x4  
  44  5:50  Drone  
  43  6:07  Zergling x2  
  43  6:08  Zergling x6  
  47  6:19  Ravager  
  47  6:21  Zergling x4  
Tags
 
Add a new tag
Caveats
  • Supply blocks, unpowered buildings, or Contaminate may cause inaccurate times.
  • Supply counts are checked every 10 seconds.